[Event "*** SCC Grand Prix: Titled Tuesday Blitz"]
[Site "Chess.com"]
[Date "2020.09.08"]
[Round "2"]
[White "vladislavkovalev"]
[Black "Bykov_Egor"]
[Result "1-0"]
[WhiteElo "2854"]
[BlackElo "2543"]
[TimeControl "180+1"]
[EndTime "10:18:34 PDT"]
[Termination "vladislavkovalev won by resignation"]

1. e4 e5 2. Nf3 Nc6 3. Bb5 a6 4. Ba4 Nf6 5. O-O Be7 6. d3 b5 7. Bb3 O-O 8. Nc3 d6 9. a3 h6 10.
Nd5 Nxd5 11. Bxd5 Bd7 12. a4 Rb8 13. axb5 axb5 14. c3 Bf6 15. b4 Ne7 16. Bb3 Ra8 17.
Be3 Ng6 18. h3 Rxa1 19. Qxa1 Qa8 20. Qb2 Qb7 21. Ra1 Ra8 22. Ra2 Nf4 23. Bxf4 exf4 24. Bd5 c6 25. Bb3 g5 26. d4 Re8 27. Qc2 Kg7 28. Ra1 c5 29. bxc5 dxc5 30. e5 Bd8 31. Bxf7 Kxf7 32. Qh7+ Ke6 33. Qxh6+ Kf7 34. Qh7+ Ke6 35.
Qg6+ Kd5 36. Qd6+ Ke4 37. Re1+ Kf5 38. e6 Bc6 39. d5 Bxd5 40. Re5+ Kg6 41. Rxd5 Bf6 42.
Rxc5 Qa8 43. Qd3+ Kh6 44. Qf5 Rd8 45. Qxf6+ 1-0

[Event "*** SCC Grand Prix: Titled Tuesday Blitz"]
[Site "Chess.com"]
[Date "2020.09.08"]
[Round "2"]
[White "BikingBrian"]
[Black "lucachess49"]
[Result "0-1"]
[WhiteElo "2211"]
[BlackElo "2436"]
[TimeControl "180+1"]
[EndTime "10:18:34 PDT"]
[Termination "lucachess49 won by checkmate"]

1. d4 Nf6 2. Bg5 c5 3. Nc3 cxd4 4. Qxd4 Nc6 5. Qh4 e6 6. e4 Be7 7. f4 h6 8. O-O-O O-O 9. Bxh6 gxh6 10. Qxh6 Nb4 11.
Nf3 Qa5 12. a3 Qh5 13. Qxh5 Nxh5 14. axb4 Nxf4 15. g3 Ng6 16. h4 Bxb4 17. h5 Ne7 18. Nb5 d5 19. exd5 exd5 20. Ne5 Bf5 21. Bd3 Rac8 22.
Nd4 Bxd3 23. Nxd3 Bd6 24. g4 Kh8 25. g5 a6 26. Rdf1 b5 27. Nf5 Nxf5 28. Rxf5 d4 29. Ne5 Bxe5 30. Rxe5 d3 31. Rd1 Rxc2+ 32. Kb1 Rd8 33. Re3 Rg2 34. Rexd3 Rxd3 35. Rxd3 Rxg5 36. Rf3 Kg7 37. h6+ Kxh6 38. Rxf7 Rg6 39. Rf5 Kg7 40. Ka2 Rf6 41. Rc5 Kf7 42. Rc7+ Ke8 43. Ra7 Kd8 44. Kb3 Kc8 45. Kb4 Kb8 46. Rh7 Rb6 47. Ka5 Rb7 48. Rh8+ Ka7 49. Rh6 Rg7 50. Rxa6+ Kb8 51. Rb6+ Kc7 52.
Rxb5 Rg2 53. b3 Rg3 54. Kb4 Rg4+ 55. Ka5 Rg3 56. b4 Ra3# 0-1

[Event "*** SCC Grand Prix: Titled Tuesday Blitz"]
[Site "Chess.com"]
[Date "2020.09.08"]
[Round "2"]
[White "Euge_chess"]
[Black "Sjakkerntobi"]
[Result "1/2-1/2"]
[WhiteElo "2111"]
[BlackElo "2382"]
[TimeControl "180+1"]
[EndTime "10:18:34 PDT"]
[Termination "Game drawn by repetition"]

1. e4 e6 2. d4 d5 3. exd5 exd5 4. c4 Nf6 5. Nf3 Nc6 6. Nc3 Bg4 7. Be2 Be7 8. O-O O-O 9. Be3 Re8 10.
Ne5 Bxe2 11. Qxe2 Nxe5 12. dxe5 Nd7 13. Nxd5 Nxe5 14. Rad1 Qc8 15. Bf4 Bd6 16. Rfe1 Qf5 17. Bg3 f6 18. Ne3 Qg6 19. a3 a5 20. f4 Nc6 21. Qf3 Bc5 22. Bf2 a4 23. Qd5+ Qf7 24.
Qxc5 Na5 25. Qd5 c6 26. Qxf7+ Kxf7 27. Rd7+ Re7 28. Rxe7+ Kxe7 29. Nf5+ Kf7 30. Nd6+ Kg6 31. g4 h5 32. f5+ Kg5 33. h3 hxg4 34. Be3+ Kh4 35. hxg4 Kxg4 36. Kf2 Rd8 37. Rg1+ Kh5 38. Ne4 Nxc4 39. Kf3 Ne5+ 40. Kf4 Nd3+ 41. Kf3 Ne5+ 42. Kf2 Ng4+ 43. Kf3 Ne5+ 1/2-1/2

[Event "*** SCC Grand Prix: Titled Tuesday Blitz"]
[Site "Chess.com"]
[Date "2020.09.08"]
[Round "2"]
[White "LuckSlayeer"]
[Black "leejunhyeok"]
[Result "1-0"]
[WhiteElo "2485"]
[BlackElo "2672"]
[TimeControl "180+1"]
[EndTime "10:18:35 PDT"]
[Termination "LuckSlayeer won on time"]

1. Nf3 g6 2. c4 Bg7 3. g3 f5 4. Bg2 Nf6 5. O-O O-O 6. d3 d6 7.
e4 e5 8. Nc3 Nc6 9. Re1 f4 10.
gxf4 Nh5 11. f5 gxf5 12. Nxe5 Nxe5 13. Qxh5 Nxd3 14. Rd1 Ne5 15. Bg5 Qd7 16. Nd5 Ng6 17. Rd3 fxe4 18. Rh3 Ne5 19. Ne7+ Qxe7 20. Bxe7 Bxh3 21.
Bxf8 Bg4 22. Qg5 Rxf8 23. Bxe4 Bf3 24. Qe3 h5 25. Bxf3 Rxf3 26. Qe4 Bh6 27. Re1 Rf4 28. Qe3 Rg4+ 29. Qg3 h4 30. Qxg4+ Nxg4 31. Re7 Bg7 32. Rxc7 Bd4 33. Rxb7 Bxf2+ 34. Kg2 Bc5 35. b4 Bb6 36. a4 Ne3+ 37. Kf3 Nxc4 38. a5 Ne5+ 39. Ke4 Bg1 40. b5 Nc4 41. a6 Bb6 42. Kd5 Ne3+ 43. Kxd6 Nc4+ 44. Kc6 h3 45. Rxb6 Nxb6 46. Kb7 Nd5 47.
Kxa7 1-0

[Event "*** SCC Grand Prix: Titled Tuesday Blitz"]
[Site "Chess.com"]
[Date "2020.09.08"]
[Round "2"]
[White "Tooweak2slow03"]
[Black "lider34"]
[Result "1-0"]
[WhiteElo "2792"]
[BlackElo "2408"]
[TimeControl "180+1"]
[EndTime "10:18:35 PDT"]
[Termination "Tooweak2slow03 won by resignation"]

1. e4 c6 2. Nf3 d5 3. Nc3 dxe4 4.
Nxe4 Nf6 5. Qe2 Nxe4 6. Qxe4 Qd5 7. Qf4 Qf5 8. Qe3 Qe6 9. b3 f6 10. Bb2 Qxe3+ 11. fxe3 Bg4 12. O-O-O Nd7 13. Be2 e6 14. h3 Bh5 15. g4 Bf7 16. g5 Be7 17. h4 O-O-O 18. Nd4 fxg5 19. hxg5 Bxg5 20. Bc4 Rde8 21.
Nf5 exf5 22. Bxf7 Re7 23. Bg6 h6 24. Bxf5 Kc7 25. Rdf1 Rf8 26. Ba3 c5 27. Bxd7 Rxf1+ 28. Rxf1 Rxd7 29. Bxc5 b6 30. Bd4 Kd6 31. c4 Ke6 32.
Kc2 Rf7 33. Rxf7 Kxf7 34. Kd3 h5 35. Ke4 g6 36. Be5 Ke6 37. d4 h4 38. d5+ Kd7 39.
b4 Be7 40. Kf3 Bxb4 41. Kg4 Be7 42. e4 g5 43. Bg7 Kd6 44. Bd4 Kd7 45. e5 Bc5 46. Bb2 Be7 47. e6+ Kd8 48. Be5 Ke8 49.
d6 Bd8 50. e7 Bxe7 51. dxe7 Kxe7 52. Bb8 Ke6 53. Bxa7 Kd6 54. Bxb6 Kc6 55. Bf2 1-0

[Event "*** SCC Grand Prix: Titled Tuesday Blitz"]
[Site "Chess.com"]
[Date "2020.09.08"]
[Round "2"]
[White "Chessdreamer2020"]
[Black "latixxa"]
[Result "0-1"]
[WhiteElo "2377"]
[BlackElo "2130"]
[TimeControl "180+1"]
[EndTime "10:18:36 PDT"]
[Termination "latixxa won on time"]

1. e4 e5 2. Nf3 Nf6 3. d3 Nc6 4.
Nbd2 d6 5. Be2 g6 6. O-O Bg7 7. c3 O-O 8. b4 Nh5 9. Re1 Nf4 10. Bf1 f5 11. g3 Nh5 12. Bg2 f4 13. Nc4 Be6 14.
b5 Ne7 15. Na5 Rb8 16. d4 Qc8 17. dxe5 dxe5 18. Ba3 Rf7 19. Ng5 fxg3 20. hxg3 b6 21.
Nxf7 Kxf7 22. Qf3+ Nf6 23. Nc6 Nxc6 24. bxc6 Bg4 25. Qd3 h5 26. f3 Be6 27. Rf1 Qe8 28.
f4 exf4 29. gxf4 Rd8 30. Qe2 Bg4 31. Qc4+ Be6 32. Qe2 Bg4 33. Qe1 Bh6 34. e5 Nd5 35. Qg3 Qxc6 36. Rac1 Qc4 37. Qh4 Re8 38. Bxd5+ Qxd5 39. Qf6+ Kg8 40. Qxg6+ Bg7 41. Rce1 Re6 42. Qg5 Qd2 43.
Qh4 Qxc3 44. Bc1 Qd4+ 45. Qf2 Qc4 46. f5 Re8 47. f6 Rf8 48. e6 Bxe6 0-1

[Event "*** SCC Grand Prix: Titled Tuesday Blitz"]
[Site "Chess.com"]
[Date "2020.09.08"]
[Round "2"]
[White "albano87"]
[Black "1stSecond"]
[Result "1-0"]
[WhiteElo "2536"]
[BlackElo "2787"]
[TimeControl "180+1"]
[EndTime "10:18:37 PDT"]
[Termination "albano87 won by resignation"]

1. e4 c6 2. d4 d5 3. Nc3 dxe4 4. Nxe4 Nf6 5. Nxf6+ exf6 6. Bc4 Bd6 7. Qe2+ Qe7 8.
Qxe7+ Kxe7 9. Ne2 Re8 10. O-O Bf5 11. c3 Nd7 12. Bf4 Nb6 13. Bb3 Be6 14. Rfe1 Kd7 15. Bxd6 Kxd6 16. Nf4 Bc4 17. f3 g6 18. Kf2 a5 19.
Rxe8 Rxe8 20. Re1 Ra8 21. Bxc4 Nxc4 22. b3 Na3 23. Nd3 b6 24. Nb2 b5 25. Nd3 b4 26.
c4 Nc2 27. Re4 f5 28. Rh4 Ra7 29. Ke2 Re7+ 30. Kd2 Ne3 31. Ne5 Nxg2 32. Rxh7 c5 33. Nxf7+ Kc7 34. d5 Kb6 35. Ng5 Re5 36. Rh6 Nf4 37. Ne6 Nxe6 38. Rxg6 Kc7 39. Rxe6 Rxe6 40. dxe6 Kd6 41. Ke3 Kxe6 42. Kf4 Kf6 43. h4 Kg6 44. h5+ Kxh5 45. Kxf5 Kh6 46. Ke6 Kg5 47. Ke5 Kg6 48. f4 Kf7 49. Kd5 Kf6 50. Kxc5 a4 51. Kxb4 axb3 52. axb3 Kf5 53. c5 Kxf4 54. c6 1-0

[Event "*** SCC Grand Prix: Titled Tuesday Blitz"]
[Site "Chess.com"]
[Date "2020.09.08"]
[Round "2"]
[White "serhanberat_ozdemir"]
[Black "GMKrikor"]
[Result "0-1"]
[WhiteElo "2474"]
[BlackElo "2693"]
[TimeControl "180+1"]
[EndTime "10:18:37 PDT"]
[Termination "GMKrikor won on time"]

1. e4 c5 2. Nf3 d6 3. d4 cxd4 4. Nxd4 Nf6 5. Nc3 a6 6. f3 e6 7.
Be3 b5 8. Qd2 Nbd7 9. O-O-O b4 10. Na4 Ne5 11. Nb3 Rb8 12. Ba7 Ra8 13. Be3 Be7 14.
Nb6 Rb8 15. Nxc8 Qxc8 16. g4 Nxf3 17. Qg2 Ne5 18. g5 Nfd7 19. h4 Nb6 20. Na5 Nbc4 21. Nxc4 Nxc4 22. Bxc4 Qxc4 23. Kb1 Rc8 24. h5 Kd7 25. Rd4 Qb5 26. Rhd1 Rhd8 27. Bf4 Ke8 28. Bxd6 Bxd6 29. Rxd6 Rxd6 30. Rxd6 a5 31. g6 Qxh5 32.
gxf7+ Qxf7 33. Qh3 Kf8 34. Rd3 Kg8 35. Rf3 Qe7 36.
Rd3 h6 37. Qg4 Re8 38. Rg3 Qf6 39. b3 Rf8 40. Rg1 Rf7 41. Qg2 Qd4 42. Qg4 Qe5 43. Qg2 Kh8 44. Qg6 Qf6 45. Qh5 Rc7 46.
Qxa5 Qc3 0-1

[Event "*** SCC Grand Prix: Titled Tuesday Blitz"]
[Site "Chess.com"]
[Date "2020.09.08"]
[Round "2"]
[White "beto-betun"]
[Black "mortngabriel"]
[Result "0-1"]
[WhiteElo "2133"]
[BlackElo "2401"]
[TimeControl "180+1"]
[EndTime "10:18:37 PDT"]
[Termination "mortngabriel won by resignation"]

1. d4 Nf6 2. Nf3 c5 3. d5 b5 4.
g3 Bb7 5. c4 bxc4 6. Nc3 e6 7.
e4 exd5 8. exd5 d6 9. Bg2 Be7 10. O-O O-O 11. Nd2 Nbd7 12. Nxc4 Ba6 13. b3 Nb6 14.
Nxb6 axb6 15. Re1 b5 16. Bb2 b4 17. Ne4 Nxe4 18. Bxe4 Bf6 19. Qc2 g6 20. a3 bxa3 21. Rxa3 Re8 22. Rea1 Bb7 23. Rxa8 Bxa8 24. Rxa8 Qxa8 25.
Bxf6 Qa5 26. Bg2 Re1+ 27. Bf1 Qa6 28. Qc4 Qc8 29. Kg2 Qf5 30. Bc3 Re4 31. Qd3 h5 32. f3 Re8 33. Qxf5 gxf5 34. Kf2 f4 35. gxf4 Rb8 36. Bc4 Kh7 37. Kg3 Kg6 38. h4 Kf5 39. Bd2 Rg8+ 40. Kf2 Rb8 41. Bc3 Kg6 42. Ba5 Kh6 43.
Bc7 Ra8 44. Bxd6 Ra2+ 45. Ke3 Rh2 46. Be5 Rxh4 47. d6 Rh1 48. d7 Re1+ 49. Kd3 Rd1+ 50.
Ke4 Rxd7 51. Kf5 Rb7 52. Kf6 h4 53. Bxf7 h3 54. Bd5 h2 55. f5 h1=Q 56. f4 Qxd5 0-1

[Event "*** SCC Grand Prix: Titled Tuesday Blitz"]
[Site "Chess.com"]
[Date "2020.09.08"]
[Round "2"]
[White "ExcitingTrap"]
[Black "Rodalquilar"]
[Result "0-1"]
[WhiteElo "2296"]
[BlackElo "2638"]
[TimeControl "180+1"]
[EndTime "10:18:38 PDT"]
[Termination "Rodalquilar won by resignation"]

1. e4 d5 2. exd5 Qxd5 3. Nc3 Qa5 4. d4 Nf6 5. Bc4 Bg4 6. Nf3 Nc6 7. d5 O-O-O 8. Bd2 Qc5 9. dxc6 Qxc4 10. cxb7+ Kxb7 11. Qe2 Qxe2+ 12. Nxe2 Bxf3 13. gxf3 e5 14. O-O-O Bc5 15.
Be3 Bb6 16. Ng3 Nd5 17. Nf5 Nxe3 18. Nxe3 g6 19. Rd2 Rd4 20. Rxd4 Bxd4 21. c3 Bc5 22.
Rd1 Kc6 23. b4 Bd6 24. Kc2 Re8 25. Nc4 Re6 26. Re1 Rf6 27. Re3 Rf4 28. Na5+ Kd7 29. Kb3 Rh4 30. c4 c6 31. c5 Bc7 32. Nc4 f6 33. Rd3+ Ke6 34. a4 Rxh2 35. Rd2 Rh3 36.
Rd3 e4 37. Re3 Rxf3 38. b5 Rxe3+ 39. Nxe3 cxb5 40. axb5 h5 41. Nc4 h4 42. Ne3 h3 43. Nf1 h2 44. Nxh2 Bxh2 45. b6 axb6 46. cxb6 Kd7 47. Kc4 Kc6 48. b7 Kxb7 49. Kd5 f5 50.
Ke6 f4 51. Kd5 e3 0-1

[Event "*** SCC Grand Prix: Titled Tuesday Blitz"]
[Site "Chess.com"]
[Date "2020.09.08"]
[Round "2"]
[White "Elegance_Riks"]
[Black "ViktoriyaTarasova"]
[Result "1/2-1/2"]
[WhiteElo "2613"]
[BlackElo "2221"]
[TimeControl "180+1"]
[EndTime "10:18:39 PDT"]
[Termination "Game drawn by repetition"]

1. d4 Nf6 2. Bg5 d5 3. e3 Bf5 4. Bd3 Bxd3 5. Qxd3 c6 6. Nd2 e6 7. Ngf3 Be7 8. O-O Nbd7 9. c4 O-O 10. Rad1 h6 11.
Bh4 Rc8 12. b3 a6 13. Rfe1 Re8 14. h3 Bb4 15. Re2 Qc7 16. Bxf6 Nxf6 17. e4 Bxd2 18.
Nxd2 dxe4 19. Nxe4 Nxe4 20. Qxe4 Rcd8 21. Red2 Re7 22.
Qe5 Red7 23. Qxc7 Rxc7 24. f4 Rcd7 25. Kf2 Kf8 26. Ke3 Ke7 27. g4 g6 28. b4 a5 29. bxa5 Ra8 30. Rb1 Rxa5 31. Rb3 Kd8 32. Rdb2 Kc8 33. Rc2 h5 34. Rcb2 Re7 35. g5 Rd7 36. h4 Ra4 37. Rc2 Ra5 38. a3 Ra4 39. Rcc3 Ra5 40. Rb4 c5 41. dxc5 Rxc5 42. Rd3 Rxd3+ 43. Kxd3 Rf5 44. Ke4 Ra5 45. a4 Kc7 46.
Kd4 Rf5 47. Ke3 Ra5 48. Ke4 Kc6 49. Kd3 Rf5 50. Ke3 Ra5 51. Ke4 Kc7 52. Kd3 Rf5 53. Ke3 Ra5 54. Kf3 Kc6 55. Ke2 Kc7 56. Kd3 Rf5 57. Ke3 1/2-1/2

[Event "*** SCC Grand Prix: Titled Tuesday Blitz"]
[Site "Chess.com"]
[Date "2020.09.08"]
[Round "2"]
[White "VerdeNotte"]
[Black "GM_LOADING"]
[Result "1-0"]
[WhiteElo "2856"]
[BlackElo "2544"]
[TimeControl "180+1"]
[EndTime "10:18:40 PDT"]
[Termination "VerdeNotte won by resignation"]

1. c4 e6 2. g3 Nf6 3. Bg2 d5 4. Nf3 d4 5. O-O c5 6. e3 Nc6 7. d3 Bd6 8. exd4 cxd4 9. Bg5 h6 10. Bxf6 Qxf6 11. Nbd2 Qe7 12. a3 a5 13. Qa4 O-O 14.
b4 Qc7 15. c5 Be7 16. b5 Ne5 17. Nxe5 Qxe5 18. c6 bxc6 19. Bxc6 Rb8 20. Nc4 Qc5 21. Rfc1 Bb7 22. Nxa5 Qa7 23. b6 Qa6 24. Nxb7 Qxa4 25. Bxa4 Rxb7 26. Rab1 Rfb8 27. Rc6 Bxa3 28. Bd1 Be7 29. Bf3 Bd8 30. Rd6 Be7 31. Bxb7 Bxd6 32. Bc6 Kf8 33. f4 Ke7 34. Kf2 Bc5 35. b7 Kd6 36. Be4 Kc7 37. Rc1 Kd6 38. g4 Re8 39. Kg3 g6 40. h4 f5 41. Bf3 Rb8 42. Bg2 Re8 43. Ra1 Rb8 44. Ra6+ Ke7 45. h5 Bd6 46. hxg6 fxg4 47. Kxg4 Bc7 48. Be4 Kf6 49. f5 1-0

[Event "*** SCC Grand Prix: Titled Tuesday Blitz"]
[Site "Chess.com"]
[Date "2020.09.08"]
[Round "2"]
[White "rududuyk"]
[Black "amatatanav"]
[Result "0-1"]
[WhiteElo "2153"]
[BlackElo "2408"]
[TimeControl "180+1"]
[EndTime "10:18:40 PDT"]
[Termination "amatatanav won by resignation"]

1. e4 c5 2. Nc3 Nc6 3. f4 e6 4. Nf3 g6 5. Bc4 Bg7 6. O-O Nge7 7. d3 d5 8. Bb3 O-O 9. Qe1 Na5 10. exd5 exd5 11. Bxd5 Bxc3 12. Bxf7+ Rxf7 13. Qxc3 b6 14. Ne5 Rf6 15. Be3 Nd5 16. Qd2 Nxe3 17. Qxe3 Qd4 18. Qxd4 cxd4 19. b4 Nc6 20. Nc4 Nxb4 21. Rf2 Be6 22. Ne5 Rc8 23. a3 Nd5 24. g3 Ne3 25.
Rc1 Ng4 26. Re2 Nxe5 27. Rxe5 Bf5 28. Rd5 Rfc6 29. Rxd4 Rxc2 30. Rxc2 Rxc2 31. Rd6 Rc3 32. d4 Rxa3 33. Kg2 Be4+ 34. Kh3 Rd3 35. Kh4 h6 36. g4 a5 37. Rxb6 Rxd4 38. Ra6 a4 39.
Kg3 Bc2 40. h4 Kf7 41. h5 gxh5 42. gxh5 a3 43. Rxa3 Rd3+ 44. Rxd3 Bxd3 45. Kf3 Kf6 46. Ke3 Bf5 47. Kf3 Bd7 48. Ke4 Bc6+ 49. Ke3 Kf5 50. Kf2 Kxf4 51. Kg1 Kg5 52. Kh2 Kxh5 53. Kh3 Kg5 54.
Kg3 h5 55. Kh2 h4 56. Kh3 Kh5 57. Kh2 Kg4 58. Kg1 Kg3 0-1

[Event "*** SCC Grand Prix: Titled Tuesday Blitz"]
[Site "Chess.com"]
[Date "2020.09.08"]
[Round "2"]
[White "GadimbayliA"]
[Black "sergeikim"]
[Result "1-0"]
[WhiteElo "2887"]
[BlackElo "2456"]
[TimeControl "180+1"]
[EndTime "10:18:42 PDT"]
[Termination "GadimbayliA won on time"]

1. e4 e5 2. Nf3 Nc6 3. Nc3 Nf6 4.
d4 exd4 5. Nxd4 Bb4 6. Nxc6 bxc6 7. Bd3 d5 8. exd5 Qe7+ 9. Qe2 Qxe2+ 10. Kxe2 Nxd5 11.
Bd2 a5 12. Rhe1 Be6 13. Nxd5 cxd5 14. Bb5+ Ke7 15. c3 Bd6 16. Kd3 Kf6 17. Be3 c5 18. h4 h6 19. a4 Rad8 20. Rad1 g5 21. hxg5+ hxg5 22. b4 d4 23. cxd4 cxb4 24. d5 Bf5+ 25. Kc4 Rc8+ 26. Bc6 Kg6 27. Kb3 Rb8 28. Ba7 Rbc8 29. Bb6 Bc7 30. Bc5 Bd8 31. g3 g4 32. Bd4 Bf6 33. Bxf6 Kxf6 34. Rc1 Rhd8 35. Rc5 Rd6 36. Rxa5 Bd7 37. Rc1 Bxc6 38. dxc6 Rcxc6 39. Rxc6 Rxc6 40. Rb5 Rc1 41. Rxb4 Kg5 42. Rf4 f5 43. a5 Rb1+ 44. Ka4 Ra1+ 45. Kb5 Ra2 46. a6 Rb2+ 47. Ka5 Ra2+ 48. Ra4 1-0

[Event "*** SCC Grand Prix: Titled Tuesday Blitz"]
[Site "Chess.com"]
[Date "2020.09.08"]
[Round "2"]
[White "Anna_ChessMate"]
[Black "vugarrasulov"]
[Result "0-1"]
[WhiteElo "2531"]
[BlackElo "2827"]
[TimeControl "180+1"]
[EndTime "10:18:43 PDT"]
[Termination "vugarrasulov won by resignation"]

1. d4 Nf6 2. c4 e6 3. Nf3 Bb4+ 4. Bd2 c5 5. g3 b6 6. Bxb4 cxb4 7. Bg2 Bb7 8. O-O O-O 9. a3 Na6 10. axb4 Nxb4 11.
Nc3 Qe7 12. Re1 Rfc8 13. Qb3 Ne4 14. Na4 d5 15. c5 bxc5 16. Nxc5 a5 17. Nxb7 Qxb7 18.
Rec1 h6 19. Ne5 Qb5 20. Bxe4 dxe4 21. e3 a4 22. Rxc8+ Rxc8 23. Qd1 Rc2 24. Rc1 Rxc1 25. Qxc1 Qb7 26. Qc4 h5 27. h3 g6 28. g4 hxg4 29. hxg4 Kg7 30. g5 Qe7 31. Kf1 Nd5 32. Qxa4 Qxg5 33. Qd7 Qf5 34. Qe8 Nxe3+ 35. Ke2 Nc2 36. Nd7 Nxd4+ 37. Ke3 Nc2+ 38. Kd2 Qxf2+ 39. Kc3 Ne3 40.
Qf8+ Kh7 41. Qd6 Nd5+ 42. Kc4 Qc2+ 43. Kb5 Qxb2+ 44. Ka6 e3 45. Nf8+ Kg7 46. Nd7 e2 47.
Qf8+ Kh7 48. Qxf7+ Qg7 49. Nf8+ Kh6 50. Qxe6 Nc7+ 0-1

[Event "*** SCC Grand Prix: Titled Tuesday Blitz"]
[Site "Chess.com"]
[Date "2020.09.08"]
[Round "2"]
[White "Gorin_Leonid"]
[Black "Ural_bogatyr"]
[Result "0-1"]
[WhiteElo "2628"]
[BlackElo "2336"]
[TimeControl "180+1"]
[EndTime "10:18:43 PDT"]
[Termination "Ural_bogatyr won by resignation"]

1. e4 e5 2. Nf3 Nc6 3. Bb5 Bc5 4. O-O Nf6 5. Nxe5 Nxe4 6. Qe2 Nxe5 7. Qxe4 Qe7 8. d4 Nc6 9. Qxe7+ Bxe7 10. c3 a6 11. Ba4 d5 12. Bf4 Bd6 13. Bxd6 cxd6 14. Re1+ Be6 15.
Nd2 b5 16. Bb3 Kd7 17. Nf1 Na5 18. Ne3 Nxb3 19. axb3 a5 20. Ra2 Ra7 21. Rea1 Rha8 22. b4 a4 23. b3 Kc6 24. Nc2 Bf5 25. bxa4 Bxc2 26. Rxc2 bxa4 27. Ra3 Kb5 28. Kf1 Re7 29.
Re2 Rae8 30. Rxe7 Rxe7 31. f3 f5 32. Kf2 f4 33. Ra1 Re3 34. Ra3 g5 35. g3 h6 36. h4 Re7 37. hxg5 hxg5 38. gxf4 gxf4 39. Ra1 Rh7 40. Kg2 Rg7+ 41. Kf2 Re7 42. Ra2 Re3 43. Ra3 Re8 44. Ra1 Rc8 45. Ra3 Rc7 46. Kg2 Rh7 47. Ra1 Re7 48. Kf2 Re3 49. Ra3 Kc4 50. Rxa4 Rxc3 51.
Ra6 Rc2+ 52. Kg1 Kxd4 53. Rxd6 Rb2 54. Rf6 Ke3 55. Rd6 d4 56. Re6+ Kxf3 57. Rd6 Rxb4 58.
Kh2 Kf2 59. Rf6 f3 60. Kh3 d3 61. Rd6 Rb3 62. Kg4 Ke2 63. Re6+ Kf2 64. Rd6 Rb4+ 65.
Kh3 Ke3 66. Kg3 Rd4 67. Re6+ Re4 68. Rd6 Ke2 0-1

[Event "*** SCC Grand Prix: Titled Tuesday Blitz"]
[Site "Chess.com"]
[Date "2020.09.08"]
[Round "2"]
[White "HouseOfDurin"]
[Black "KubaGepard"]
[Result "0-1"]
[WhiteElo "2110"]
[BlackElo "2401"]
[TimeControl "180+1"]
[EndTime "10:18:44 PDT"]
[Termination "KubaGepard won on time"]

1. d4 d5 2. Bg5 Nd7 3. e3 Ngf6 4. c4 e6 5. Nc3 h6 6. Bh4 Be7 7. f4 c6 8. Nf3 Qb6 9. Qb3 dxc4 10. Bxc4 Qxb3 11. Bxb3 O-O 12. O-O-O b6 13. Ne5 Nxe5 14. fxe5 Nd5 15. Bxe7 Nxe7 16. Ne4 a5 17. a4 Ba6 18. Rd2 Nd5 19. Bxd5 cxd5 20. Nd6 Ra7 21. Rc2 Rb8 22. Kd2 b5 23. axb5 Bxb5 24. Rhc1 Bc4 25.
Nxc4 dxc4 26. Ra1 Rb4 27. Ra3 Kf8 28. Rac3 Rc7 29. b3 cxb3 30. Rxc7 bxc2 31. Kxc2 a4 32. Ra7 Rb3 33. Rxa4 Rxe3 34. Ra2 g5 35. Kd2 Rb3 36. Rc2 Kg7 37. Ke2 Kg6 38. Rc7 h5 39. Rd7 h4 40. h3 Rg3 41. Kf2 Rd3 42. Ke2 Ra3 43. Kf2 Ra1 44. Ke2 f6 45. Rd6 fxe5 46.
Rxe6+ Kf5 47. Rxe5+ Kf4 48. Re8 Ra2+ 49. Kf1 Kg3 50. Re3+ Kh2 51. Re2 Ra1+ 52. Kf2 Rd1 53.
Ke3 Kg3 54. Rd2 Re1+ 55. Kd3 Ra1 56. Kc4 Rc1+ 57. Kb5 Rb1+ 58. Kc6 Kf4 59. d5 Ke3 60. Ra2 Rc1+ 61. Kd7 Ke4 0-1

[Event "*** SCC Grand Prix: Titled Tuesday Blitz"]
[Site "Chess.com"]
[Date "2020.09.08"]
[Round "2"]
[White "anon481216"]
[Black "Sven_Tica"]
[Result "0-1"]
[WhiteElo "2470"]
[BlackElo "2689"]
[TimeControl "180+1"]
[EndTime "10:18:45 PDT"]
[Termination "Sven_Tica won by resignation"]

1. d4 d5 2. c4 e6 3. Nc3 Nf6 4. cxd5 exd5 5. Bg5 c6 6. e3 Be6 7. Bd3 Nbd7 8. Nge2 h6 9. Bh4 g5 10. Bg3 Nh5 11. Qc2 Nxg3 12. Nxg3 h5 13. h4 gxh4 14. Nf5 Bxf5 15. Bxf5 Rg8 16. Kf1 Bd6 17. e4 Qg5 18.
Bh3 O-O-O 19. exd5 Kb8 20. dxc6 Nf6 21. cxb7 Ng4 22. a4 Qf6 23. Qd2 Bf4 24. Ne4 Bxd2 25. Nxf6 Nxf6 26. Rd1 Rxd4 27. Bc8 Rgd8 28. b3 Bb4 29.
Rxd4 Rxd4 30. Ke2 Ne8 31. Rh3 Nd6 32. Rf3 Re4+ 33. Kd3 Re7 34. Rf4 a5 35. Rxh4 Rc7 36.
Rxh5 Rc3+ 37. Kd4 Nxc8 38. bxc8=Q+ Kxc8 39. Rf5 Rxb3 40. Rxf7 Ra3 41. g4 Rxa4 42. Kd5 Bd2 43. Kc6 Rc4+ 44. Kb5 Rxg4 45. f4 Bb4 46. f5 Rd4 47. f6 Rd7 48. Rg7 Rd5+ 49. Ka4 Kd8 50. Rg8+ Kd7 51. f7 Rf5 52. Ra8 Rxf7 53. Ra7+ Ke6 54.
Ra6+ Kd5 55. Kb3 Rf3+ 56. Kc2 Kc5 57. Rh6 Kb5 58. Kb2 Ka4 59. Rh2 Rd3 60. Ka2 Rd2+ 0-1

[Event "*** SCC Grand Prix: Titled Tuesday Blitz"]
[Site "Chess.com"]
[Date "2020.09.08"]
[Round "2"]
[White "BanjoKazooieN64"]
[Black "wonderfultime"]
[Result "1-0"]
[WhiteElo "2592"]
[BlackElo "2931"]
[TimeControl "180+1"]
[EndTime "10:18:48 PDT"]
[Termination "BanjoKazooieN64 won on time"]

1. e4 c5 2. Nc3 Nc6 3. Nf3 g6 4.
Bb5 Bg7 5. O-O Nd4 6. Ba4 e6 7. Nxd4 cxd4 8. Nb5 Qb6 9. c3 d3 10. Qf3 a6 11. Nd4 Bxd4 12. cxd4 Qxd4 13. Bd1 Nf6 14.
Re1 d5 15. exd5 Nxd5 16. Rb1 O-O 17. b3 Bd7 18. Bb2 Qf4 19. Qxd3 Bb5 20. Qh3 Qxd2 21. Bf3 Nf4 22. Qh4 Nd3 23. Red1 Qf4 24. Qxf4 Nxf4 25.
Bxb7 Rad8 26. Bf6 Rb8 27. Be4 Rbc8 28. a4 Bc6 29. Bxc6 Rxc6 30. b4 Nd5 31. Be5 f6 32.
Bd4 Rc4 33. b5 Rxa4 34. b6 Rb8 35. b7 Rb4 36. Rxb4 Nxb4 37. Bxf6 Rxb7 38. Rb1 Rb5 39. Bh4 e5 40. h3 Kf7 41. Ra1 Ke6 42. Bd8 Kd5 43.
Be7 a5 44. Kf1 Nc6 45. Bf8 Rb8 46. Rd1+ Nd4 47. Bg7 Ke6 48. f4 Nf5 49. Bxe5 Ne3+ 50.
Ke2 Nxd1 51. Bxb8 Nc3+ 52. Kd3 Nd5 53. g4 a4 54. Kc4 Ne3+ 55. Kd3 Ng2 56. Kc4 1-0

[Event "*** SCC Grand Prix: Titled Tuesday Blitz"]
[Site "Chess.com"]
[Date "2020.09.08"]
[Round "2"]
[White "Manukyan_Artak"]
[Black "MarkoPe"]
[Result "1-0"]
[WhiteElo "2416"]
[BlackElo "2176"]
[TimeControl "180+1"]
[EndTime "10:18:48 PDT"]
[Termination "Manukyan_Artak won by checkmate"]

1. e4 c5 2. Nf3 d6 3. Bb5+ Bd7 4. Bxd7+ Qxd7 5. c4 Nf6 6. Nc3 g6 7. d4 cxd4 8. Nxd4 Bg7 9. f3 O-O 10. Be3 Rc8 11. b3 a6 12. a4 Nc6 13. Qd2 Nxd4 14. Bxd4 Qc6 15. Rc1 e6 16. O-O Rd8 17. Rfd1 Rac8 18.
Qg5 Nd7 19. Bxg7 Kxg7 20. Qd2 Nc5 21. Rb1 b6 22. Ne2 Kg8 23. Nd4 Qc7 24. Re1 d5 25.
cxd5 exd5 26. e5 Ne6 27. Rbc1 Qb7 28. h4 Qe7 29. g3 Qa3 30. Nc6 Rxc6 31. Rxc6 Qxb3 32.
Qe3 Qxa4 33. Qxb6 Re8 34. Qxa6 Qb4 35. Rd1 d4 36. Rc8 Rxc8 37. Qxc8+ Kg7 38. Qc2 Qa5 39.
f4 Qd5 40. Qg2 Qb5 41. Qf3 Qc5 42. Kh2 h5 43. Rd2 Qc3 44. Qxc3 dxc3 45. Rc2 Nd4 46.
Rxc3 Nf5 47. Ra3 Kf8 48. Ra7 Kg7 49. Kh3 Kf8 50. Kg2 Kg8 51. Kh2 Kf8 52. Kh3 Kg8 53. g4 hxg4+ 54. Kxg4 Ne3+ 55. Kg5 Nf5 56. h5 Nd4 57. hxg6 Ne6+ 58. Kf6 Nxf4 59. Ra8# 1-0

[Event "*** SCC Grand Prix: Titled Tuesday Blitz"]
[Site "Chess.com"]
[Date "2020.09.08"]
[Round "2"]
[White "Sanan_Sjugirov"]
[Black "renehp"]
[Result "1-0"]
[WhiteElo "2835"]
[BlackElo "2535"]
[TimeControl "180+1"]
[EndTime "10:18:49 PDT"]
[Termination "Sanan_Sjugirov won on time"]

1. e4 d5 2. exd5 Nf6 3. Nf3 Qxd5 4. Nc3 Qa5 5. Bc4 c6 6. O-O Bf5 7. Re1 e6 8. Nd4 Be7 9. Nxf5 Qxf5 10. d4 O-O 11. Bd3 Qa5 12. Ne4 Nbd7 13. c3 Qc7 14. Qf3 c5 15. Bf4 Qb6 16. Nxf6+ Nxf6 17. Be5 Rad8 18. dxc5 Qxc5 19. Rad1 Rd5 20. Bd4 Qc8 21. Bxa7 Qa8 22. Bd4 Qxa2 23. Qe2 Qa8 24. Bc4 Rdd8 25. Bb6 Rxd1 26. Rxd1 Qc8 27. Bd4 Rd8 28. Bd3 Rd5 29. h3 Qd7 30. Bc4 Rd6 31. Bb5 Qd8 32. Ra1 Nd5 33.
Qe4 Bf6 34. Bc5 Nxc3 35. bxc3 Rd1+ 36. Rxd1 Qxd1+ 37. Bf1 Bxc3 38. Qxb7 h6 39. Qc8+ Kh7 40. Qc6 Bf6 41. Be3 g6 42. Qf3 Qd8 43. g3 Kg7 44. Kg2 h5 45. h4 e5 46. Be2 Qe7 47.
Qe4 Qe6 48. Bf3 1-0